[Event "Moscow Rapid-ch 2018"]
[Site "Moscow"]
[Date "2018.12.09"]
[Round "8"]
[White "Matyunin, Maxim"]
[Black "Stukan, Martin"]
[Result "0-1"]
[ECO "D91"]
[WhiteElo "2218"]
[BlackElo "2142"]
[Annotator "NA"]
[PlyCount "58"]
[EventDate "2018.12.08"]
[EventType "swiss"]
[EventCountry "RUS"]
[SourceTitle "playchess.com"]
[Source "ChessBase"]
[SourceQuality "1"]
[TimeControl "900+10"]

1. d4 Nf6 2. Nf3 g6 3. c4 Bg7 4. Nc3 d5 5. Bg5 Ne4 6. Bh4 Nxc3 7. bxc3 dxc4 8. e3 Be6 9. Rb1 b6 10. Nd2 O-O 11. Qf3 Nd7 12. Bg3 Nf6 13. Bxc4 Bxc4 14. Nxc4 c5 15. O-O Qd5 16. Qxd5 Nxd5 17. Rfc1 Rac8 18. a4 f5 19. f4 Rc7 20. a5 cxd4 21. cxd4 Rfc8 22. axb6 axb6 23. Rb5 Nxe3 24. Nxe3 Rxc1+ 25. Kf2 Bxd4 26. Kf3 R8c3 27. Bf2 Bxe3 28. Bxe3 Re1 29. Re5 Rexe3+ 0-1

[Event "Moscow Rapid-ch 2018"]
[Site "Moscow"]
[Date "2018.12.09"]
[Round "8"]
[White "Strutinskaia, Galina"]
[Black "Utiatskaja, Irina"]
[Result "1-0"]
[ECO "A01"]
[WhiteElo "2201"]
[BlackElo "2246"]
[Annotator "NA"]
[PlyCount "77"]
[EventDate "2018.12.08"]
[EventType "swiss"]
[EventCountry "RUS"]
[SourceTitle "playchess.com"]
[Source "ChessBase"]
[SourceQuality "1"]
[TimeControl "900+10"]

1. b3 d5 2. Bb2 Nf6 3. f4 g6 4. Nf3 Bg7 5. e3 O-O 6. Be2 c5 7. O-O Nc6 8. Qe1 b6 9. Qh4 Bb7 10. d3 Re8 11. Nbd2 a5 12. a4 Rc8 13. Rae1 Ba6 14. g4 Nb4 15. Bd1 c4 16. dxc4 dxc4 17. Nxc4 Bxc4 18. bxc4 Rxc4 19. g5 Nh5 20. Ne5 Rc8 21. Bxh5 Rxc2 22. Nxf7 Kxf7 23. Bxg7 Kxg7 24. Bg4 Qd5 25. Bf3 Qc5 26. Be4 Rc3 27. Rf3 Rc1 28. Kg2 Rd8 29. Re2 Rdd1 30. Qh6+ Kg8 31. f5 Qc8 32. Rf4 Rg1+ 33. Kh3 Rc3 34. Rh4 Kf7 35. Qxh7+ Ke8 36. Qxg6+ Kd7 37. Qe6+ Kc7 38. Qe5+ Kd7 39. Rd2+ 1-0

[Event "Moscow Rapid-ch 2018"]
[Site "Moscow"]
[Date "2018.12.09"]
[Round "8"]
[White "Chudinovskikh, Alexander M"]
[Black "Dudin, Gleb"]
[Result "1-0"]
[ECO "C01"]
[WhiteElo "2184"]
[BlackElo "2303"]
[Annotator "NA"]
[PlyCount "153"]
[EventDate "2018.12.08"]
[EventType "swiss"]
[EventCountry "RUS"]
[SourceTitle "playchess.com"]
[Source "ChessBase"]
[SourceQuality "1"]
[TimeControl "900+10"]

1. e4 e6 2. d4 d5 3. exd5 exd5 4. Nf3 Bd6 5. c4 dxc4 6. Bxc4 Nf6 7. O-O O-O 8. h3 a6 9. Nc3 h6 10. Re1 Nc6 11. a3 Ne7 12. Ne5 b5 13. Ba2 Bb7 14. Bf4 Rb8 15. Qe2 Ned5 16. Bg3 Nxc3 17. bxc3 Ne4 18. Qh5 Bxe5 19. Bxe5 Nxc3 20. Qg4 Qg5 21. Bxc7 Qxg4 22. hxg4 Rbc8 23. Bb6 Bd5 24. Bb1 Na4 25. Ba5 Rc4 26. Bb4 Rd8 27. Be7 Re8 28. Bf5 g6 29. Bd7 Ra8 30. Bf6 Nb6 31. Re7 Rc7 32. Rae1 Nxd7 33. Re8+ Rxe8 34. Rxe8+ Nf8 35. Be7 Rxe7 36. Rxe7 a5 37. f3 Kg7 38. Kf2 Kf6 39. Re5 Bc4 40. f4 Nd7 41. g5+ Kg7 42. Re7 Nb6 43. Ra7 a4 44. Rb7 Nd5 45. gxh6+ Kxh6 46. Rxf7 b4 47. axb4 a3 48. Ra7 a2 49. b5 Bxb5 50. Rxa2 Nxf4 51. g3 Nd5 52. Ra5 Bc4 53. Rc5 Bb3 54. Kf3 Nf6 55. Kf4 Bf7 56. g4 Kg7 57. g5 Nd5+ 58. Ke5 Ne7 59. d5 Nf5 60. Rc7 Kf8 61. d6 Ke8 62. Ra7 Bb3 63. Rb7 Bc4 64. Rc7 Bb3 65. Ra7 Bc4 66. Rb7 Ba2 67. Rb8+ Kd7 68. Rb7+ Ke8 69. Rb4 Kd7 70. Rb7+ Ke8 71. Ra7 Bb3 72. Rb7 Bc4 73. Rb4 Ba2 74. Rb8+ Kd7 75. Rb7+ Ke8 76. Rh7 Bb3 77. Rb7 1-0

[Event "Moscow Rapid-ch 2018"]
[Site "Moscow"]
[Date "2018.12.09"]
[Round "8"]
[White "Martynyuk, Elizaveta"]
[Black "Paramzina, Anastasya"]
[Result "0-1"]
[ECO "B90"]
[WhiteElo "2128"]
[BlackElo "2229"]
[Annotator "NA"]
[PlyCount "80"]
[EventDate "2018.12.08"]
[EventType "swiss"]
[EventCountry "RUS"]
[SourceTitle "playchess.com"]
[Source "ChessBase"]
[SourceQuality "1"]
[TimeControl "900+10"]

1. e4 c5 2. Nf3 d6 3. d4 cxd4 4. Nxd4 Nf6 5. Nc3 a6 6. Be3 e5 7. Nf3 Qc7 8. Be2 h6 9. O-O Be6 10. h3 Be7 11. Nd2 O-O 12. f4 exf4 13. Bxf4 Nbd7 14. Nf3 Qb6+ 15. Kh1 Qxb2 16. Nd5 Bxd5 17. exd5 Rfe8 18. c4 Nh5 19. Rb1 Qxa2 20. Bh2 Bf8 21. Nd4 Nhf6 22. Rxb7 Nc5 23. Rc7 Nce4 24. Qd3 Qb2 25. Bf4 Nc5 26. Qd1 Nfe4 27. Bh5 Nf2+ 28. Rxf2 Qxf2 29. Bxf7+ Kh7 30. Bxe8 Qxf4 31. Rf7 Qe3 32. Bc6 Rb8 33. Rf3 Qe5 34. Ne6 Be7 35. Nxc5 dxc5 36. Qd3+ Kh8 37. Re3 Qa1+ 38. Kh2 Bd6+ 39. g3 Rb2+ 40. Re2 Qf1 0-1

[Event "Moscow Rapid-ch 2018"]
[Site "Moscow"]
[Date "2018.12.09"]
[Round "8"]
[White "Kanevskaya, Anna"]
[Black "Vasilevich, Irina"]
[Result "1/2-1/2"]
[ECO "A40"]
[WhiteElo "2105"]
[BlackElo "2258"]
[Annotator "NA"]
[PlyCount "118"]
[EventDate "2018.12.08"]
[EventType "swiss"]
[EventCountry "RUS"]
[SourceTitle "playchess.com"]
[Source "ChessBase"]
[SourceQuality "1"]
[TimeControl "900+10"]

1. d4 e6 2. Nf3 b6 3. c4 Ba6 4. Qc2 Nf6 5. g3 Bb4+ 6. Bd2 Bxd2+ 7. Nbxd2 O-O 8. Bg2 d5 9. O-O c6 10. Rfd1 Nbd7 11. Rac1 Qe7 12. a3 Rac8 13. e4 dxc4 14. Nxc4 Bxc4 15. Qxc4 Nxe4 16. Ne5 Nxe5 17. dxe5 Nc5 18. f4 a5 19. b4 axb4 20. axb4 Na4 21. Qb3 b5 22. Bxc6 Qa7+ 23. Kg2 g6 24. Kh3 Qb6 25. Rd6 Qf2 26. Rc2 Qf1+ 27. Bg2 Qe1 28. Bc6 Qf1+ 29. Bg2 Qe1 30. Bc6 Qf1+ 31. Bg2 Qe1 32. Bc6 Nb6 33. Bxb5 Rxc2 34. Qxc2 Nd5 35. Qe2 Qxb4 36. Qc4 Qa3 37. Qd3 Qc5 38. Qc4 Qg1 39. Qf1 Qa7 40. Qc4 Kg7 41. Bc6 Ne3 42. Qd4 Qa3 43. Qd3 Qc1 44. Be4 h5 45. Rc6 Qg1 46. Qe2 Ng4 47. Rc2 Rb8 48. Bf3 Nh6 49. Qf2 Qa1 50. Ra2 Qb1 51. Qc2 Qf1+ 52. Bg2 Qb5 53. Ra7 Qb2 54. Qc7 Qe2 55. Bb7 Qf1+ 56. Bg2 Qd1 57. Bb7 Qf1+ 58. Bg2 Qe2 59. Bb7 Qf1+ 1/2-1/2

[Event "Moscow Rapid-ch 2018"]
[Site "Moscow"]
[Date "2018.12.09"]
[Round "8"]
[White "Girshgorn, Leonid"]
[Black "Zhukov, Anton"]
[Result "1-0"]
[ECO "A45"]
[WhiteElo "2038"]
[BlackElo "2138"]
[Annotator "NA"]
[PlyCount "101"]
[EventDate "2018.12.08"]
[EventType "swiss"]
[EventCountry "RUS"]
[SourceTitle "playchess.com"]
[Source "ChessBase"]
[SourceQuality "1"]
[TimeControl "900+10"]

1. d4 Nf6 2. Bf4 c5 3. dxc5 Nc6 4. Nf3 Qa5+ 5. Nc3 Ne4 6. Qd3 Nxc5 7. Qd2 d6 8. e4 Ne6 9. Be3 g6 10. Nd4 Bg7 11. Nb3 Qd8 12. O-O-O a6 13. Bh6 Bxh6 14. Qxh6 b5 15. f4 Nc7 16. Qg7 Rf8 17. e5 d5 18. Qxh7 Bf5 19. h3 b4 20. Na4 Ne6 21. Bd3 Bxd3 22. Rxd3 Nxf4 23. Rf3 Ne6 24. Rhf1 Ng5 25. Qxg6 e6 26. Rxf7 Nxf7 27. Qxe6+ Ne7 28. Nac5 Rc8 29. Nb7 Qc7 30. N3c5 Qxc5 31. Nxc5 Rxc5 32. Qxa6 Nxe5 33. Rxf8+ Kxf8 34. Qd6 Nd3+ 35. Kd2 Nf2 36. Qf6+ Ke8 37. Qxf2 Ra5 38. Qb6 Rxa2 39. Qxb4 Ra6 40. Qb5+ Rc6 41. g4 Kf7 42. h4 Rf6 43. Ke2 Rf4 44. Qd7 d4 45. h5 Re4+ 46. Kd3 Re1 47. Kd2 Re4 48. g5 Kg7 49. Kd3 Re1 50. Qxd4+ Kf7 51. Qf2+ 1-0

[Event "Moscow Rapid-ch 2018"]
[Site "Moscow"]
[Date "2018.12.09"]
[Round "8"]
[White "Glibka, Yulia"]
[Black "Chasovnikova, Eugenia"]
[Result "0-1"]
[ECO "A10"]
[WhiteElo "1979"]
[BlackElo "2201"]
[Annotator "NA"]
[PlyCount "68"]
[EventDate "2018.12.08"]
[EventType "swiss"]
[EventCountry "RUS"]
[SourceTitle "playchess.com"]
[Source "ChessBase"]
[SourceQuality "1"]
[TimeControl "900+10"]

1. c4 g6 2. d4 Bg7 3. g3 c5 4. d5 d6 5. e4 Nf6 6. Bg2 O-O 7. Ne2 e6 8. dxe6 Bxe6 9. Qc2 Nc6 10. O-O Nb4 11. Qb3 b5 12. Nbc3 bxc4 13. Qd1 Rb8 14. Nf4 Bg4 15. f3 Bc8 16. a3 Nc6 17. Qe2 Ba6 18. Be3 Nd4 19. Qf2 Nd7 20. Rab1 Ne5 21. Rfd1 Nd3 22. Qd2 f5 23. exf5 Rxf5 24. Rf1 Qe8 25. Nfd5 Qf7 26. f4 Bb7 27. g4 Rxd5 28. Nxd5 Bxd5 29. b4 Bxg2 30. Qxg2 Re8 31. Bxd4 Bxd4+ 32. Kh1 Nxf4 33. Qd2 g5 34. Qd1 Re3 0-1

[Event "Moscow Rapid-ch 2018"]
[Site "Moscow"]
[Date "2018.12.09"]
[Round "9"]
[White "Ulko, Jaroslav"]
[Black "Zakhartsov, Vladimir"]
[Result "1-0"]
[ECO "A05"]
[WhiteElo "2439"]
[BlackElo "2486"]
[Annotator "ChessBase"]
[PlyCount "81"]
[EventDate "2018.12.08"]
[EventType "swiss"]
[EventCountry "RUS"]
[SourceTitle "playchess.com"]
[Source "ChessBase"]
[SourceQuality "1"]
[TimeControl "900+10"]

1. Nf3 Nf6 2. c4 g6 3. Nc3 Bg7 4. e4 c5 5. d4 cxd4 6. Nxd4 Nc6 7. Be3 O-O 8. Be2 d6 9. O-O Nxd4 10. Bxd4 Bd7 11. Qd3 a6 12. Rad1 Bc6 13. f4 b5 14. e5 Ne8 15. cxb5 axb5 16. a3 Rb8 17. Bf3 Qc7 18. Rfe1 Bxf3 19. Qxf3 e6 20. Qe3 Qc6 21. exd6 Nxd6 22. Bxg7 Nf5 23. Qe5 Nxg7 24. Ne4 Rbd8 25. Nf6+ Kh8 26. Rc1 Qb6+ 27. Kh1 b4 28. a4 Rd2 29. Re3 Qd6 30. Qxd6 Rxd6 31. Re4 b3 32. Rb4 Rd3 33. g4 h5 34. g5 Nf5 35. Rbc4 Kg7 36. R4c3 Rfd8 37. Rxd3 Rxd3 38. Rc8 Ne7 39. Re8 Rd1+ 40. Kg2 Rd2+ 41. Kf3 1-0

[Event "Moscow Rapid-ch 2018"]
[Site "Moscow"]
[Date "2018.12.09"]
[Round "9"]
[White "Naumkin, Igor"]
[Black "Pavlov, Danila"]
[Result "1-0"]
[ECO "A52"]
[WhiteElo "2410"]
[BlackElo "2323"]
[Annotator "NA"]
[PlyCount "51"]
[EventDate "2018.12.08"]
[EventType "swiss"]
[EventCountry "RUS"]
[SourceTitle "playchess.com"]
[Source "ChessBase"]
[SourceQuality "1"]
[TimeControl "900+10"]

1. d4 Nf6 2. c4 e5 3. dxe5 Ng4 4. e4 Nxe5 5. f4 Nec6 6. Be3 d6 7. Nc3 g6 8. Nf3 Bg7 9. Bd3 Bg4 10. O-O O-O 11. Qd2 Bxf3 12. Rxf3 Nd4 13. Rh3 c5 14. f5 Re8 15. Bh6 Be5 16. Rf1 Nd7 17. Nd5 Nb6 18. Bg5 f6 19. Bxf6 Bxf6 20. Qh6 Nxd5 21. Qxh7+ Kf8 22. fxg6 Qc7 23. Rxf6+ Nxf6 24. Qxc7 Re7 25. Rh8+ Ng8 26. Rxg8+ 1-0

[Event "Moscow Rapid-ch 2018"]
[Site "Moscow"]
[Date "2018.12.09"]
[Round "9"]
[White "Dvalishvili, Pavel S."]
[Black "Dragomarezkij, Evgeni"]
[Result "1-0"]
[ECO "B43"]
[WhiteElo "2396"]
[BlackElo "2385"]
[Annotator "NA"]
[PlyCount "91"]
[EventDate "2018.12.08"]
[EventType "swiss"]
[EventCountry "RUS"]
[SourceTitle "playchess.com"]
[Source "ChessBase"]
[SourceQuality "1"]
[TimeControl "900+10"]

1. e4 c5 2. Nf3 e6 3. Nc3 a6 4. d4 cxd4 5. Nxd4 Qc7 6. Bd3 Nc6 7. Nxc6 dxc6 8. O-O e5 9. Bc4 b5 10. Bb3 Nf6 11. Qf3 Bg4 12. Qg3 h5 13. Bg5 Be7 14. h3 b4 15. Bxf6 Bxf6 16. hxg4 h4 17. Qe3 bxc3 18. Qxc3 O-O 19. Rad1 Rad8 20. Qe3 g5 21. Rd3 Be7 22. Rfd1 Rxd3 23. Rxd3 Kg7 24. Qf3 Bf6 25. Kf1 Rd8 26. Ke2 Rd6 27. Rxd6 Qxd6 28. Qd3 Qb4 29. c3 Qb5 30. Qxb5 axb5 31. Kd3 Bd8 32. a4 Bb6 33. axb5 cxb5 34. Bd5 Bxf2 35. b4 Kf8 36. Bc6 Ke7 37. Bxb5 Be1 38. Bc4 f6 39. Bd5 Kd6 40. Bg8 Kc6 41. Be6 Kb5 42. Bd7+ Kb6 43. Kc4 Kc7 44. Bf5 Kb6 45. Kb3 Kc6 46. c4 1-0

[Event "Moscow Rapid-ch 2018"]
[Site "Moscow"]
[Date "2018.12.09"]
[Round "9"]
[White "Gorbatov, Alexej"]
[Black "Tsvetkov, Andrey"]
[Result "0-1"]
[ECO "B20"]
[WhiteElo "2389"]
[BlackElo "2338"]
[Annotator "NA"]
[PlyCount "105"]
[EventDate "2018.12.08"]
[EventType "swiss"]
[EventCountry "RUS"]
[SourceTitle "playchess.com"]
[Source "ChessBase"]
[SourceQuality "1"]
[TimeControl "900+10"]

1. e4 c5 2. b3 g6 3. Bb2 Nf6 4. g3 d6 5. Bg2 Bg7 6. Ne2 Nc6 7. O-O e5 8. Nbc3 O-O 9. Nd5 Nxd5 10. exd5 Nd4 11. Nxd4 exd4 12. c3 Bf5 13. cxd4 cxd4 14. Rc1 Qb6 15. Re1 Rac8 16. Rxc8 Rxc8 17. Qa1 Qb4 18. Bf1 h5 19. d3 Rc2 20. Rc1 Rxc1 21. Qxc1 Qa5 22. Ba3 Qxd5 23. Qc7 Qf3 24. Qc2 Qd5 25. Bg2 Qa5 26. Qc1 Bxd3 27. Bxb7 Bf5 28. Bxd6 d3 29. Bf4 Qxa2 30. Bd5 Bh3 31. Be3 Qe2 32. Bg2 Be6 33. b4 Bf8 34. Bf1 Qc2 35. Qe1 Bf5 36. Bd2 h4 37. Qe3 Bg7 38. g4 Bxg4 39. Qxd3 Qc7 40. Qe4 Qd7 41. Be3 Bf6 42. Qa8+ Kg7 43. Qxa7 Qd1 44. Qa6 Be5 45. Qd3 Qa1 46. b5 Bf5 47. Qe2 Bh3 48. b6 Bxf1 49. Qxf1 Bxh2+ 50. Kg2 h3+ 51. Kxh3 Qxf1+ 52. Kxh2 Qb5 53. Bc1 0-1

[Event "Moscow Rapid-ch 2018"]
[Site "Moscow"]
[Date "2018.12.09"]
[Round "9"]
[White "Dudin, Gleb"]
[Black "Volodin, Viktor"]
[Result "1-0"]
[ECO "D35"]
[WhiteElo "2303"]
[BlackElo "2175"]
[Annotator "NA"]
[PlyCount "79"]
[EventDate "2018.12.08"]
[EventType "swiss"]
[EventCountry "RUS"]
[SourceTitle "playchess.com"]
[Source "ChessBase"]
[SourceQuality "1"]
[TimeControl "900+10"]

1. d4 d5 2. c4 e6 3. Nc3 Nf6 4. cxd5 exd5 5. Bg5 c6 6. e3 Be7 7. Qc2 Nbd7 8. Bd3 O-O 9. Nf3 Re8 10. h3 Nf8 11. Bf4 Ng6 12. Bh2 Bd6 13. Bxd6 Qxd6 14. O-O-O Bd7 15. Kb1 c5 16. dxc5 Qxc5 17. Rc1 Rac8 18. Rhd1 Ne5 19. Nxe5 Rxe5 20. Qb3 Qb6 21. Qxb6 axb6 22. Be2 Bf5+ 23. Ka1 h6 24. Bf3 Ne4 25. Bxe4 Bxe4 26. Nxe4 Rxc1+ 27. Rxc1 dxe4 28. a4 Rf5 29. Rc7 Rxf2 30. Rxb7 Re2 31. Rxb6 Rxe3 32. a5 Rd3 33. a6 Rd7 34. Rb7 Rd6 35. a7 Ra6+ 36. Kb1 Kh7 37. Rxf7 e3 38. Kc2 Kg6 39. Rb7 Kf5 40. Kd3 1-0

[Event "Moscow Rapid-ch 2018"]
[Site "Moscow"]
[Date "2018.12.09"]
[Round "9"]
[White "Utiatskaja, Irina"]
[Black "Kanevskaya, Anna"]
[Result "1-0"]
[ECO "C28"]
[WhiteElo "2246"]
[BlackElo "2105"]
[Annotator "NA"]
[PlyCount "89"]
[EventDate "2018.12.08"]
[EventType "swiss"]
[EventCountry "RUS"]
[SourceTitle "playchess.com"]
[Source "ChessBase"]
[SourceQuality "1"]
[TimeControl "900+10"]

1. e4 e5 2. Bc4 Nc6 3. Nc3 Nf6 4. d3 Na5 5. Bb3 Nxb3 6. axb3 Be7 7. f4 exf4 8. Bxf4 O-O 9. Nf3 d5 10. e5 Nh5 11. Bd2 Bh4+ 12. g3 Be7 13. Qe2 d4 14. Ne4 f5 15. Neg5 f4 16. g4 Bxg5 17. gxh5 Bh4+ 18. Kd1 Bg4 19. c3 Qd5 20. Rf1 Qxb3+ 21. Kc1 dxc3 22. Bxc3 Bxh5 23. Kd2 Rad8 24. Ra3 Qd5 25. Ra4 c5 26. e6 Bg6 27. Ne5 Bg5 28. Kc2 Qxe6 29. Qf3 b5 30. Rxa7 b4 31. Nxg6 bxc3 32. Nxf8 Rxf8 33. bxc3 Re8 34. Ra8 h6 35. Rxe8+ Qxe8 36. Qd5+ Kh8 37. Ra1 Kh7 38. Ra8 Qe2+ 39. Kb3 Qd1+ 40. Kc4 Kg6 41. Qxc5 f3 42. Qf8 Bf6 43. Qe8+ Kg5 44. Ra5+ Kf4 45. Qe4# 1-0

[Event "Moscow Rapid-ch 2018"]
[Site "Moscow"]
[Date "2018.12.09"]
[Round "9"]
[White "Borisova, Ekaterina"]
[Black "Martynyuk, Elizaveta"]
[Result "1-0"]
[ECO "B44"]
[WhiteElo "2244"]
[BlackElo "2128"]
[Annotator "NA"]
[PlyCount "126"]
[EventDate "2018.12.08"]
[EventType "swiss"]
[EventCountry "RUS"]
[SourceTitle "playchess.com"]
[Source "ChessBase"]
[SourceQuality "1"]
[TimeControl "900+10"]

1. e4 c5 2. Nf3 e6 3. d4 cxd4 4. Nxd4 Nc6 5. c4 Nf6 6. Nc3 Be7 7. Be3 a6 8. Be2 d6 9. Rc1 Bd7 10. f3 O-O 11. O-O Qb8 12. Qd2 Bd8 13. Rfd1 Bc7 14. Kh1 Kh8 15. a3 b6 16. b4 Ne5 17. Bg5 Rg8 18. Nb3 Bc6 19. Qe3 Nfd7 20. Rc2 Ng6 21. Qd2 Nde5 22. Nd4 Bd7 23. Be3 Qb7 24. b5 a5 25. f4 Rad8 26. fxe5 dxe5 27. Nf3 Bxb5 28. Qc1 Bc6 29. Ng5 Rxd1+ 30. Bxd1 Bd8 31. Bf3 Bxg5 32. Bxg5 f6 33. Be3 Nh4 34. Qe1 Nxf3 35. gxf3 f5 36. Qh4 Qf7 37. Kg2 g5 38. Qf2 g4 39. Kf1 f4 40. Bxb6 g3 41. hxg3 fxg3 42. Qg2 Qb7 43. c5 Qg7 44. Rd2 Qg5 45. Ke2 Rf8 46. Rd3 h5 47. Bc7 h4 48. Rd1 Be8 49. Bd8 Bb5+ 50. Nxb5 Rxd8 51. Nd6 Kg7 52. a4 Rb8 53. Nb5 Rd8 54. Rxd8 Qxd8 55. Qh3 Qg5 56. Qg4 Kf6 57. Qxg5+ Kxg5 58. c6 h3 59. Kf1 Kf4 60. c7 Kxf3 61. c8=Q h2 62. Qc3+ Kxe4 63. Kg2 Kd5 1-0

[Event "Moscow Rapid-ch 2018"]
[Site "Moscow"]
[Date "2018.12.09"]
[Round "9"]
[White "Paramzina, Anastasya"]
[Black "Chasovnikova, Eugenia"]
[Result "1-0"]
[ECO "B31"]
[WhiteElo "2229"]
[BlackElo "2201"]
[Annotator "NA"]
[PlyCount "91"]
[EventDate "2018.12.08"]
[EventType "swiss"]
[EventCountry "RUS"]
[SourceTitle "playchess.com"]
[Source "ChessBase"]
[SourceQuality "1"]
[TimeControl "900+10"]

1. e4 c5 2. Nf3 Nc6 3. Bb5 g6 4. Bxc6 bxc6 5. O-O Bg7 6. c3 Nf6 7. e5 Nd5 8. Re1 O-O 9. d3 d6 10. h3 Bf5 11. Na3 Qc7 12. Nc4 Rad8 13. exd6 exd6 14. Bg5 Rde8 15. Qd2 f6 16. Bh4 Nb6 17. Bg3 Nc8 18. d4 Be4 19. dxc5 Bxf3 20. gxf3 Qd7 21. Nxd6 Nxd6 22. Kg2 f5 23. Bxd6 Be5 24. Rad1 Bxd6 25. Qxd6 Qxd6 26. cxd6 Rxe1 27. Rxe1 Rd8 28. Rd1 Kf7 29. Kg3 g5 30. f4 h6 31. fxg5 hxg5 32. f4 gxf4+ 33. Kxf4 Ke6 34. d7 c5 35. c4 a5 36. b3 Ke7 37. h4 Ke6 38. h5 Kf6 39. Rd5 Ke6 40. Rd2 Kf6 41. h6 Kg6 42. h7 Kxh7 43. Kxf5 Kg7 44. Ke6 Kf8 45. Rf2+ Kg7 46. Ke7 1-0

[Event "Moscow Rapid-ch 2018"]
[Site "Moscow"]
[Date "2018.12.09"]
[Round "9"]
[White "Vlasov, Sergey"]
[Black "Reprintsev, Alexander"]
[Result "1-0"]
[ECO "C55"]
[WhiteElo "2229"]
[BlackElo "2371"]
[Annotator "NA"]
[PlyCount "99"]
[EventDate "2018.12.08"]
[EventType "swiss"]
[EventCountry "RUS"]
[SourceTitle "playchess.com"]
[Source "ChessBase"]
[SourceQuality "1"]
[TimeControl "900+10"]

1. e4 e5 2. Bc4 Nc6 3. Nf3 Nf6 4. Qe2 h6 5. c3 d6 6. Bb3 g6 7. d3 Bg7 8. h3 O-O 9. g4 Nd7 10. Be3 Na5 11. Bc2 c5 12. Nbd2 b5 13. Nf1 Bb7 14. Ng3 d5 15. Rd1 Qc7 16. Rg1 c4 17. Nh4 cxd3 18. Bxd3 Nc4 19. exd5 Nf6 20. Bxc4 Qxc4 21. Qxc4 bxc4 22. d6 Rfd8 23. Bc5 Bf8 24. f3 Ne8 25. Kf2 Bxd6 26. Bxd6 Nxd6 27. Rge1 e4 28. fxe4 Bc6 29. Rd4 Bb5 30. Red1 Nb7 31. Rxd8+ Nxd8 32. Nf3 Rb8 33. Nd4 f6 34. Nxb5 Ne6 35. a4 Nc5 36. Rd2 Nxa4 37. Nxa7 Nxb2 38. Nc6 Rb6 39. Ne7+ Kf7 40. Nd5 Rb7 41. Ke3 Nd3 42. Kd4 Ne5 43. Ra2 Rb1 44. Ra7+ Kf8 45. Ra8+ Kf7 46. Ne2 Rd1+ 47. Kc5 Nd7+ 48. Kd6 Nb6 49. Ra7+ Kf8 50. Kc5 1-0

[Event "Moscow Rapid-ch 2018"]
[Site "Moscow"]
[Date "2018.12.09"]
[Round "9"]
[White "Stukan, Martin"]
[Black "Yeletsky, Ivan"]
[Result "1-0"]
[ECO "B32"]
[WhiteElo "2142"]
[BlackElo "2406"]
[Annotator "NA"]
[PlyCount "48"]
[EventDate "2018.12.08"]
[EventType "swiss"]
[EventCountry "RUS"]
[SourceTitle "playchess.com"]
[Source "ChessBase"]
[SourceQuality "1"]
[TimeControl "900+10"]

1. e4 c5 2. Nf3 Nc6 3. d4 cxd4 4. Nxd4 Qb6 5. Nb3 Nf6 6. Nc3 e6 7. Bd3 a6 8. O-O Be7 9. a4 O-O 10. Be3 Qc7 11. a5 Nb4 12. Bb6 Qf4 13. g3 Qb8 14. Bc4 Nxe4 15. Nxe4 d5 16. c3 dxc4 17. cxb4 cxb3 18. Nc5 e5 19. Rc1 Bh3 20. Nd7 Qe8 21. Nxf8 Bxf1 22. Qxf1 Bxf8 23. Rc7 Rb8 24. Qc4 Bd6 1-0

[Event "Moscow Rapid-ch 2018"]
[Site "Moscow"]
[Date "2018.12.09"]
[Round "9"]
[White "Kornilovich, Dmitry"]
[Black "Chudinovskikh, Alexander M"]
[Result "1/2-1/2"]
[ECO "C55"]
[WhiteElo "2133"]
[BlackElo "2184"]
[Annotator "NA"]
[PlyCount "114"]
[EventDate "2018.12.08"]
[EventType "swiss"]
[EventCountry "RUS"]
[SourceTitle "playchess.com"]
[Source "ChessBase"]
[SourceQuality "1"]
[TimeControl "900+10"]

1. e4 e5 2. Nf3 Nc6 3. Bc4 Nf6 4. d3 Be7 5. c3 O-O 6. Bb3 d5 7. Nbd2 b6 8. O-O Ba6 9. Re1 Bxd3 10. exd5 Nxd5 11. Nxe5 Nxe5 12. Rxe5 c6 13. Nf3 Nf6 14. Rxe7 Qxe7 15. Qxd3 Rad8 16. Qf5 Qe2 17. Qc2 Rfe8 18. Qxe2 Rxe2 19. Kf1 Rde8 20. Bc4 R2e4 21. Bd3 R4e6 22. Bg5 Ne4 23. Be3 c5 24. Rd1 h6 25. Bb5 R8e7 26. Rd8+ Kh7 27. Bc4 Rd6 28. Rxd6 Nxd6 29. Bd5 g5 30. g4 f5 31. h3 Kg6 32. gxf5+ Nxf5 33. Ke2 h5 34. Nh2 Nxe3 35. fxe3 Kf5 36. Kf3 Ke5 37. c4 Re8 38. Kg3 Kd6 39. Nf1 b5 40. b3 b4 41. Bf3 Rf8 42. Nd2 Ke5 43. Ne4 Rxf3+ 44. Kxf3 g4+ 45. hxg4 hxg4+ 46. Kxg4 Kxe4 47. Kg5 Kxe3 48. Kf5 Kd4 49. Ke6 a5 50. Kd6 a4 51. bxa4 Kxc4 52. a5 Kb5 53. a6 Kxa6 54. Kxc5 Ka5 55. Kc4 Ka4 56. Kc5 b3 57. axb3+ Kxb3 1/2-1/2

[Event "Moscow Rapid-ch 2018"]
[Site "Moscow"]
[Date "2018.12.09"]
[Round "9"]
[White "Afanasieva, Alexandra"]
[Black "Strutinskaia, Galina"]
[Result "1/2-1/2"]
[ECO "B30"]
[WhiteElo "1973"]
[BlackElo "2201"]
[Annotator "NA"]
[PlyCount "115"]
[EventDate "2018.12.08"]
[EventType "swiss"]
[EventCountry "RUS"]
[SourceTitle "playchess.com"]
[Source "ChessBase"]
[SourceQuality "1"]
[TimeControl "900+10"]

1. e4 c5 2. Nf3 Nc6 3. Bb5 d6 4. O-O Bd7 5. Re1 a6 6. Bf1 Bg4 7. c3 g6 8. h3 Bxf3 9. Qxf3 Bg7 10. d3 e6 11. Be3 Nge7 12. Nd2 O-O 13. Qd1 Qd7 14. Nf3 f5 15. exf5 gxf5 16. d4 cxd4 17. cxd4 Nd5 18. Bc4 Nxe3 19. Rxe3 d5 20. Bf1 Rae8 21. Qd3 Qd6 22. Rae1 Rf6 23. Ne5 Rh6 24. f4 Bxe5 25. dxe5 Qc5 26. Kh1 Rg6 27. Rg3 Qf2 28. Rxg6+ hxg6 29. Qe3 Qh4 30. Rc1 Rc8 31. Be2 Kf7 32. Qb6 Qe7 33. Bxa6 Rc7 34. Bd3 Rd7 35. Bb5 Qh4 36. Bxc6 bxc6 37. Qxc6 Re7 38. Rf1 g5 39. fxg5 Qxg5 40. Qc3 Rd7 41. Qd4 Rc7 42. a4 Rc2 43. Rf2 Qc1+ 44. Kh2 Rc4 45. Qa7+ Rc7 46. Qd4 Qe1 47. Rf3 Qe4 48. Qe3 Rb7 49. Qc3 d4 50. Qc5 Rd7 51. Qb5 Rb7 52. Qc5 Rd7 53. Qb5 Qd5 54. Qb8 Rd8 55. Qc7+ Rd7 56. Qb8 Rd8 57. Qc7+ Rd7 58. Qb8 1/2-1/2

[Event "Moscow Rapid-ch 2018"]
[Site "Moscow"]
[Date "2018.12.09"]
[Round "9"]
[White "Tarasov, Danila"]
[Black "Girshgorn, Leonid"]
[Result "1/2-1/2"]
[ECO "B15"]
[WhiteElo "1885"]
[BlackElo "2038"]
[Annotator "NA"]
[PlyCount "114"]
[EventDate "2018.12.08"]
[EventType "swiss"]
[EventCountry "RUS"]
[SourceTitle "playchess.com"]
[Source "ChessBase"]
[SourceQuality "1"]
[TimeControl "900+10"]

1. e4 c6 2. Nc3 d5 3. d4 dxe4 4. Nxe4 Nf6 5. Nxf6+ exf6 6. g3 Bd6 7. Bg2 O-O 8. Ne2 Re8 9. O-O Bg4 10. f3 Bf5 11. Bf4 Rxe2 12. Qxe2 Bxf4 13. gxf4 Qxd4+ 14. Kh1 Nd7 15. c3 Qxf4 16. Rad1 h5 17. Rd4 Qe5 18. Qd2 Nf8 19. Re1 Qc7 20. Qf4 Qxf4 21. Rxf4 Be6 22. b3 Rd8 23. Rd4 Rxd4 24. cxd4 Ng6 25. Bf1 Nf4 26. Bc4 Kf8 27. Bxe6 Nxe6 28. Rd1 Nf4 29. Kg1 h4 30. Kf2 Ke7 31. Ke3 g5 32. Rb1 Nd5+ 33. Kd3 a5 34. a3 b5 35. Rc1 Kd6 36. Rc5 f5 37. a4 Nf4+ 38. Ke3 Nd5+ 39. Kf2 bxa4 40. bxa4 f4 41. Rxa5 f5 42. Ra8 g4 43. Rh8 h3 44. Rg8 Ne3 45. Rg7 c5 46. dxc5+ Kxc5 47. Rf7 Kb4 48. fxg4 Nxg4+ 49. Kg1 f3 50. Rxf5 f2+ 51. Rxf2 Nxf2 52. Kxf2 Kxa4 53. Kg3 Kb5 54. Kxh3 Kc6 55. Kg4 Kd7 56. Kg5 Ke7 57. Kg6 Kf8 1/2-1/2